 Dungeon Crawl Stone Soup version 0.31.0-9-g3a7656b989 (webtiles) character file.

Game seed: 9688531354824159530

68 qw the Shooter (level 4, 0/25 HPs)
             Began as a Deep Elf Hunter on Feb 2, 2024.
             Slain by a gnoll
             ... wielding a +0 spear
              (1 damage)
             ... on level 3 of the Dungeon.
             The game lasted 00:00:06 (1266 turns).

qw the Shooter (Deep Elf Hunter)                    Turns: 1266, Time: 00:00:06

Health: 0/25       AC:  7    Str: 10    XL:     4   Next: 1%
Magic:  6/6        EV: 11    Int: 14    God:
Gold:   111        SH:  0    Dex: 18    Spells: 3/3 levels left

rFire   . . .        a - +1 shortbow (flame)
rCold   + . .        (shield currently unavailable)
rNeg    . . .        j - +0 ring mail
rPois   .            (no helmet)
rElec   .            d - +0 cloak
rCorr   .            (no gloves)
SInv    .            h - +0 pair of boots
Will    .....        k - amulet of faith
Stlth   +            l - ring of protection from cold
HPRegen 0.24/turn    (no ring)
MPRegen 0.10/turn

%: faith
@: no status effects
A: no striking features
a: no special abilities


You were on level 3 of the Dungeon.
You visited 1 branch of the dungeon, and saw 3 of its levels.

You collected 111 gold pieces.


   Skills:
 - Level 1.5 Fighting
 + Level 7.4 Ranged Weapons
 - Level 2.4 Dodging
 - Level 1.2 Stealth


You had 3 spell levels left.
You didn't know any spells.
Your spell library was empty.

Inventory:

Hand Weapons
 a - a +1 shortbow of flaming (weapon)
Armour
 d - a +0 cloak (worn)
 h - a +0 pair of boots (worn)
 j - a +0 ring mail (worn)
Jewellery
 k - an amulet of faith (around neck)
 l - a ring of protection from cold (left hand)
 m - an amulet of regeneration
Scrolls
 f - 3 scrolls of teleportation
Potions
 b - a potion of curing
 c - a potion of haste {unknown}
 e - a potion of resistance
 g - 2 potions of might
 i - a potion of heal wounds {unknown}
 n - a potion of mutation {unknown}

Dungeon Overview and Level Annotations

Branches:
Dungeon (3/15)

Altars:

Shops:
D:1 !

Annotations:
D:3 Ijyb, Robin


Message History

Robin throws the goblin at you!
You shoot an arrow. The goblin shouts!
The arrow hits the goblin!
The arrow burns the goblin.
You kill the goblin!
A goblin comes into view. It is wielding a +0 club.
Robin throws the goblin at you!
You shoot an arrow. The arrow hits the hobgoblin!
The arrow burns the hobgoblin.
You kill the hobgoblin!
The hobgoblin hits you. The goblin hits you but does no damage.
Robin throws the goblin at you! The goblin hits you with a +0 club.
The hobgoblin hits you. The goblin hits you but does no damage.
The goblin barely misses you. The goblin hits you with a +0 dagger.
You shoot an arrow.
The arrow hits the hobgoblin but does no damage.
The hobgoblin hits you but does no damage.
The goblin hits you but does no damage. The goblin hits you with a +0 club.
The goblin closely misses you.
You shoot an arrow. The arrow hits the hobgoblin!
The arrow burns the hobgoblin.
You kill the hobgoblin!
The hobgoblin completely misses you. The goblin hits you with a +0 dagger.
The goblin hits you with a +0 club. The goblin closely misses you.
You have reached level 4!
You feel clever.
1264 ||| READING 4 scrolls of teleportation.
As you read the scroll of teleportation, it crumbles to dust.
You feel strangely unstable. The hobgoblin misses you.
The goblin hits you but does no damage. The goblin misses you.
The goblin hits you but does no damage.
You shoot an arrow. The arrow hits Robin.
The arrow burns Robin.
Robin is lightly wounded.
The goblin closely misses you. The hobgoblin closely misses you.
The goblin barely misses you. x2; Robin hits you with a +0 club.
You shoot an arrow. The arrow barely misses Robin.
Your surroundings suddenly seem different.
A goblin, a gnoll and Ijyb come into view.
Ijyb is wielding a +2 dagger of electrocution and carrying a wand of flame.
Found a stone staircase leading down.
The goblin shouts!
The gnoll shouts!
Ijyb shouts!
The gnoll hits you from afar with a +0 spear.
You die...

.. #. ..
###.### #
#.....# .
#.#.g...#...
#....g>.....
#.@.g.#
#.....#
###.### ..
... ....
..... #...##


You could see Ijyb, a gnoll and a goblin.

Vanquished Creatures
  3 dart slugs
  4 ball pythons
  3 bats
  6 endoplasms
  2 giant cockroaches
  8 goblins
  10 hobgoblins
  3 jackals (D:1)
  6 kobolds
  2 quokkas
  4 frilled lizards
  2 rats
53 creatures vanquished.

Notes
Turn   | Place    | Note
-------+----------+-------------------------------------------
     0 | D:1      | qw the Deep Elf Hunter began the quest for the Orb.
     0 | D:1      | Reached XP level 1. HP: 12/12 MP: 3/3
     0 | D:1      | 0 ||| qw: Version: 0.3-a-155-g5e7d8dd
     0 | D:1      | 0 ||| qw: Game counter: 2099
     0 | D:1      | 0 ||| qw: Melee chars always use a shield: true
     0 | D:1      | 0 ||| qw: God list: Okawaru
     0 | D:1      | 0 ||| qw: Allow faded altars: false
     0 | D:1      | 0 ||| qw: Do Orc after clearing Dungeon:15 true
     0 | D:1      | 0 ||| qw: Do second Lair branch before Depths: true
     0 | D:1      | 0 ||| qw: Lair rune preference: random
     0 | D:1      | 0 ||| qw: Goals: Normal
     0 | D:1      | 0 ||| PLANNING D:1-11
   106 | D:1      | Found Fesejor's Distillery.
   115 | D:1      | 115 ||| SHOPLISTING potion of curing (42 gold, have 0).
   115 | D:1      | 115 ||| SHOPLISTING potion of might (56 gold, have 0).
   115 | D:1      | 115 ||| SHOPLISTING potion of mutation (112 gold, have 0).
   115 | D:1      | 115 ||| SHOPLISTING potion of resistance (140 gold, have
                  | 0).
   130 | D:1      | Reached XP level 2. HP: 16/16 MP: 4/4
   136 | D:1      | Reached skill level 6 in Ranged Weapons
   378 | D:1      | Reached XP level 3. HP: 20/20 MP: 5/5
   522 | D:1      | Found a faded altar of an unknown god.
   542 | D:1      | 542 ||| UPGRADING to +0 pair of boots.
   547 | D:1      | 547 ||| UPGRADING to +0 ring mail.
   557 | D:1      | 557 ||| DROPPING +0 leather armour.
   558 | D:1      | 558 ||| UPGRADING to ring of protection from cold.
   559 | D:1      | 559 ||| READING scroll labelled OXZIEV LUYWK.
   560 | D:1      | 560 ||| READING 5 scrolls labelled UKHLIAX FUTUC.
   564 | D:1      | 564 ||| READING 2 scrolls labelled ULIFANAMEFF.
   565 | D:1      | 565 ||| READING 3 scrolls labelled WAHUYT KYISI.
   566 | D:1      | 566 ||| DROPPING scroll of butterflies.
   567 | D:1      | 567 ||| DROPPING scroll of noise.
   568 | D:1      | 568 ||| DROPPING 2 scrolls of fog.
   700 | D:2      | Reached skill level 7 in Ranged Weapons
  1166 | D:2      | 1166 ||| UPGRADING to +0 cloak.
  1171 | D:2      | 1171 ||| UPGRADING to amulet of faith.
  1176 | D:2      | 1176 ||| READING scroll labelled JUBAFF WEYSEM.
  1176 | D:2      | 1176 ||| BRANDING +0 shortbow.
  1177 | D:2      | 1177 ||| READING scroll labelled EQOF RERUBRE.
  1177 | D:2      | 1177 ||| ENCHANTING +0 shortbow of flaming.
  1178 | D:2      | 1178 ||| READING scroll labelled UHUAGU WAMAMA.
  1178 | D:2      | 1178 ||| IDENTIFYING fizzy clear potion
  1179 | D:2      | 1179 ||| DRINKING 2 fuming orange potions.
  1180 | D:2      | 1180 ||| DRINKING 3 puce potions.
  1196 | D:3      | 1196 ||| FLEEEEING.
  1198 | D:3      | 1198 ||| FLEEEEING.
  1255 | D:3      | Noticed Robin
  1263 | D:3      | HP: 4/20 [goblin/+0 dagger[Robin] (2)]
  1263 | D:3      | HP: 1/20 [goblin/+0 club[Robin] (3)]
  1264 | D:3      | Reached XP level 4. HP: 1/25 MP: 6/6
  1264 | D:3      | 1264 ||| READING 4 scrolls of teleportation.
  1266 | D:3      | Noticed Ijyb
  1266 | D:3      | Slain by a gnoll

Levels and vault maps discovered:
D:1:      matt_arrival_refuge, layout_rooms, serial_shops, shop_fountains,
          dreamdust_ecumenical_altar_angels_and_demons
D:2:      layout_basic, minmay_unequal
D:3:      layout_rooms, st_stairs_3, minmay_misc_feat_five, uniq_ijyb,
          uniq_robin, uniq_crazy_yiuf_cottage

Skill      XL: |  1  2  3 |
---------------+----------+-----
Ranged Weapons | 6 7 |  7.4
Fighting       | |  1.5
Dodging        | |  2.4
Stealth        | |  1.2

Action                     |  1- 3 |  4- 6 || total
---------------------------+-------+-------++-------
   Fire: Shortbow          |   120 |     2 ||   122
    Use: Scroll            |     7 |     1 ||     8
         Potion            |     2 |       ||     2
 Armour: Leather armour    |     4 |       ||     4
         Ring mail         |    22 |     4 ||    26
  Dodge: Dodged            |    29 |     6 ||    35

Table legend:
 A = Non-vault XP
 B = Vault XP
 C = Vault XP percentage of total XP
 D = Non-vault monster count
 E = Vault monster count
 F = Vault count percentage of total count
                 A         B        C        D         E       F
            +---------+---------+-------+---------+---------+-------
      Total |      80 |      18 |  18.4 |      42 |      11 |  20.8
            +---------+---------+-------+---------+---------+-------
        D:1 |      49 |       0 |   0.0 |      26 |       0 |   0.0
        D:2 |      25 |       7 |  21.9 |      12 |       5 |  29.4
        D:3 |       6 |      11 |  64.7 |       4 |       6 |  60.0
            +---------+---------+-------+---------+---------+-------
